 Dungeon Crawl Stone Soup version 0.18-a0-1782-gb76a692 (webtiles) character file.

7460 namelastname112 the Destroyer (level 10, 0/62 HPs)
             Began as a Black Draconian Conjurer on Apr 17, 2016.
             Was an Elder of Dithmenos.
             Shot with an arrow by a centaur warrior (11 damage)
             ... on level 11 of the Dungeon.
             The game lasted 00:33:31 (13042 turns).

namelastname112 the Destroyer (DrCj)               Turns: 13042, Time: 00:33:32

Health: 0/62       AC: 12    Str: 10    XL:     10   Next: 94%
Magic:  15/25      EV: 12    Int: 18    God:    Dithmenos [****..]
Gold:   453        SH:  0    Dex: 13    Spells: 3 memorised, 19 levels left

rFire  + . .     SeeInvis .     J - staff of energy
rCold  . . .     Gourm    .     (armour unavailable)
rNeg   . . .     Faith    .     (no shield)
rPois  .         Spirit   .     (helmet restricted)
rElec  +         Dismiss  .     M - +0 cloak
rCorr  .         Reflect  .     j - +0 pair of gloves
SustAt +         Harm     .     q - +2 pair of boots
MR     .....     Rnd*Rage +     (no amulet)
Stlth  ++........               K - ring of sustain attributes
                                i - ring of wizardry

@: about to teleport, wreathed by umbra, not resistant to hostile enchantments,
unstealthy
A: breathe lightning, unfitting armour, berserk 1, fire resistance 1, frail 1,
high mp 1, electricity resistance, cold-blooded, AC +7
a: Breathe Lightning, Shadow Step, Renounce Religion


You were on level 11 of the Dungeon.
You worshipped Dithmenos.
Dithmenos was greatly pleased with you.
You were not hungry.

You visited 1 branch of the dungeon, and saw 11 of its levels.

You collected 453 gold pieces.

Inventory:

Hand Weapons
 d - a +5 dagger
Missiles
 y - 8 curare-tipped needles
Armour
 j - a +0 pair of gloves (worn)
 q - a +2 pair of boots (worn)
 M - a +0 cloak (worn)
Magical Staves
 J - an uncursed staff of energy (weapon)
Jewellery
 i - a ring of wizardry (left hand)
 K - a ring of sustain attributes (right hand)
Wands
 h - a wand of iceblast (11/15)
 D - a wand of confusion (41/48)
Scrolls
 f - 4 scrolls of remove curse
 n - 2 scrolls of enchant armour
 p - a scroll of teleportation
 t - 3 scrolls of recharging
 z - a scroll of amnesia
 A - a scroll of enchant weapon
 L - a scroll of blinking
Potions
 e - 3 potions of curing
 k - 2 potions of flight {unknown}
 l - a potion of brilliance {unknown}
 m - a potion of lignification
 r - 2 potions of agility
 v - 3 potions of invisibility
 x - a potion of berserk rage
 E - 5 potions of haste
 H - a potion of magic
Books
 a - a book of Conjurations

   Spells                             Type                      Level
   a - Magic Dart                     Conjuration                  1
   b - Searing Ray                    Conjuration                  2
   c - Dazzling Spray                 Conjuration/Hexes            3
   d - Fulminant Prism                Conjuration/Hexes            4
   e - Iskenderun's Mystic Blast      Conjuration                  4
   f - Iskenderun's Battlesphere      Conjuration/Charms           5
 w - a Necronomicon

   Spells                             Type                      Level
   a - Haunt                          Necromancy/Summoning         7
   b - Borgnjor's Revivification      Necromancy                   8
   c - Death's Door                   Charms/Necromancy            8
   d - Necromutation                  Transmutation/Necromancy     8
Miscellaneous
 C - a phial of floods
Comestibles
 b - 9 bread rations
 c - 2 chunks of flesh
 g - 3 fruits
 o - 4 meat rations
 u - 7 beef jerkies
 I - 3 slices of pizza


   Skills:
 - Level 1.7 Dodging
 - Level 1.7 Stealth
 + Level 9.0 Spellcasting
 + Level 10.3 Conjurations
 + Level 7.7 Charms
 + Level 5.7 Evocations


You had 19 spell levels left.
You knew the following spells:

 Your Spells              Type           Power        Failure   Level  Hunger
a - Iskenderun's Battles  Conj/Chrm      #####...     3%          5    None
x - Searing Ray           Conj           #####.       1%          2    None
z - Magic Dart            Conj           ####         1%          1    None


Dungeon Overview and Level Annotations

Branches:
Dungeon (11/15)            Temple (0/1) D:6            Lair (0/8) D:8
    Orc (0/2) D:9

Altars:
Dithmenos
Fedhas
Makhleb
Okawaru
Pakellas
Qazlal
Sif Muna
Xom
The Shining One


Innate Abilities, Weirdness & Mutations

You can breathe wild blasts of lightning.
Your glossy black scales are hard (AC +7).
Your body does not fit into most forms of armour.
You are resistant to electric shocks.
You are cold-blooded and may be slowed by cold attacks.
You tend to lose your temper in combat.
Your flesh is heat resistant.
You are frail (-10% HP).
You have an increased reservoir of magic (+10% MP).


Message History

Aiming: Magic Dart
Press: ? - help, Shift-Dir - straight line, f/p - centaur warrior
Aim: a centaur warrior, wielding a shortbow (lightly wounded, umbra)
The magic dart hits the centaur warrior.
The centaur warrior is moderately wounded.
The centaur warrior shoots an arrow.
The arrow hits you!
You take 10 damage, and have 27/62 hp.
Unknown command.
Read which item? (? for menu, Esc to quit)
As you read the scroll of teleportation, it crumbles to dust.
You feel strangely unstable.
The centaur warrior shoots an arrow.
The arrow hits you!
* * * LOW HITPOINT WARNING * * *
The centaur warrior shoots an arrow.
The arrow hits you!
* * * LOW HITPOINT WARNING * * *
You see here 2 arrows.
You take 24 damage, and have 3/62 hp.
MASSIVE DAMAGE!!
Drink which item? (? for menu, Esc to quit)
You feel better.
The centaur warrior shoots an arrow.
The arrow hits you!
You die...

#! ........##.#
####.#########.##.##.##
..........((.§..c.c...#
###....#.c...........###
####..c##'#######.....
##..#.....)..#..###
#T(#.######.#..###
#.(#.#....'.#.....
#@.#.#....#.#..###
##.#.#....#)#..#
#.#.'....#.#..##
#.#.######(#...#
#.#....O.((#...#
#.#######'##.#.#
#............#†#
#.#.######.##†# #.# .#


You could see a centaur warrior, a troll and a centaur (wandering).

Vanquished Creatures
  A centaur warrior (D:11)
  A centaur skeleton (D:11)
  A komodo dragon (D:8)
  Sigmund (D:3)
  A spriggan (D:7)
  A wyvern (D:10)
  A steam dragon (D:8)
  A hippogriff (D:9)
  3 orc warriors
  A swamp drake (D:9)
  A sky beast (D:10)
  2 ice beasts
  3 phantoms
  3 centaurs (D:6)
  6 ogres
  A crocodile (D:8)
  A big kobold (D:8)
  5 giant frogs
  A wyvern zombie (D:8)
  2 gnoll sergeants (D:8)
  3 scorpions
  17 killer bees
  3 wights (D:6)
  3 howler monkeys
  2 crimson imps
  2 giant frog zombies
  4 hounds
  A jelly (D:8)
  A quasit (D:6)
  A giant frog skeleton (D:6)
  13 orc wizards
  10 orc priests
  A gnoll shaman (D:7)
  Jessica (D:3)
  Natasha (twice) (D:3)
  6 iguanas
  10 worker ants
  2 hound zombies
  3 hound skeletons
  A worker ant zombie (D:6)
  22 gnolls
  A howler monkey skeleton (D:5)
  6 adders
  A shadow imp (D:6)
  An adder zombie (D:5)
  2 adder skeletons
  2 worms
  A dart slug (D:3)
  9 giant geckos
  50 orcs
  11 bats
  2 giant cockroaches
  6 goblins
  5 hobgoblins
  10 jackals
  7 kobolds
  2 quokkas (D:4)
  A ball python (D:3)
  A giant gecko skeleton (D:7)
  5 giant newts
  5 rats
  A bush (D:6)
274 creatures vanquished.

Vanquished Creatures (others)
  A hydra (D:7)
  A killer bee (D:10)
2 creatures vanquished.

Grand Total: 276 creatures vanquished

Notes
Turn   | Place    | Note
--------------------------------------------------------------
     0 | D:1      | namelastname112 the Draconian Conjurer began the quest for the Orb.
     0 | D:1      | Reached XP level 1. HP: 14/14 MP: 3/3
   132 | D:1      | Reached XP level 2. HP: 20/20 MP: 0/5
   141 | D:1      | Learned a level 2 spell: Searing Ray
   320 | D:1      | Reached XP level 3. HP: 26/26 MP: 1/7
   474 | D:1      | crauler: откуда
   474 | D:1      | namelastname112: ну все
   474 | D:1      | crauler: сначала даггер элек
   474 | D:1      | namelastname112: убил аддера на д1
   474 | D:1      | crauler: теперь +4 этот
   474 | D:1      | namelastname112: считай победил
   545 | D:1      | crauler: погоди
   599 | D:1      | crauler: там гноллы с сетями на д2
   624 | D:2      | namelastname112: лол
   646 | D:2      | Found a glowing golden altar of the Shining One.
  1465 | D:3      | Noticed Sigmund
  1614 | D:3      | Killed Sigmund
  1614 | D:3      | Reached skill level 5 in Conjurations
  1614 | D:3      | Reached XP level 4. HP: 25/33 MP: 3/10
  1614 | D:3      | Reached XP level 5. HP: 29/38 MP: 3/11
  1790 | D:3      | namelastname112: зигмунд хуигмунд
  1790 | D:3      | namelastname112: как там была эта команта
  1790 | D:3      | namelastname112: команда*
  1790 | D:3      | namelastname112: !ratio namelastname112 sigmund
  1790 | D:3      | namelastname112: !cmd !ratio
  1790 | D:3      | beem: No command !ratio
  1790 | D:3      | namelastname112: !cmd !killratio
  1790 | D:3      | beem: Command: !killratio => .echo $(let (target $(=target ${2:-*})$(replace " ()" '' " ($*)") ratio $(=killratio.calc $(!lg ${2:-*} $* ikiller=$1 fmt:"${n}" stub:"0") $(!lm ${2:-*} $* uniq=$1 fmt:"${n}" stub:"0"))) $(if $(= $ratio NaN) "No battles for $1"$(if $(/= $target *) " and $target"). "$1 wins $ratio% of battles"$(if $(/= $target *) " against $target").))
  1790 | D:3      | crauler: >d4
  1790 | D:3      | crauler: >20 potions of blood
  1790 | D:3      | namelastname112: !killratio namelastname112 sigmund
  1790 | D:3      | beem: No battles for namelastname112 and sigmund.
  1790 | D:3      | namelastname112: !killratio sigmund namelastname112
  1790 | D:3      | beem: sigmund wins 13.78% of battles against namelastname112.
  1901 | D:3      | crauler: https://www.youtube.com/watch?v=SmsRN78qMxM
  1919 | D:3      | namelastname112: хорошее видео
  1919 | D:3      | namelastname112: сурс музычки есть?
  1919 | D:3      | Noticed Jessica
  1923 | D:3      | Killed Jessica
  1998 | D:3      | Noticed Natasha
  2002 | D:3      | Killed Natasha
  2002 | D:3      | Reached XP level 6. HP: 45/45 MP: 5/12
  2009 | D:3      | Learned a level 5 spell: Iskenderun's Battlesphere
  2101 | D:3      | crauler: Monty on the Run Theme for Commodore 64 by Rob Hubbard
  2154 | D:3      | Reached skill level 6 in Conjurations
  2242 | D:3      | crauler: https://www.youtube.com/watch?v=4EcgruWlXnQ
  2250 | D:3      | Reached skill level 1 in Charms
  2294 | D:3      | namelastname112: заебок
  2294 | D:3      | namelastname112: ты хороший человек
  2433 | D:3      | Noticed Natasha
  2441 | D:3      | Killed Natasha
  2695 | D:4      | Reached skill level 5 in Spellcasting
  2695 | D:4      | Your scales start taking on a glossy black colour.
  2695 | D:4      | Reached XP level 7. HP: 50/50 MP: 8/14
  2695 | D:4      | Gained mutation: You are resistant to electric shocks. [Black Draconian growth]
  3193 | D:4      | crauler: палка хасты
  3197 | D:4      | crauler: 5 зарядов
  3363 | D:4      | Found a shadowy altar of Dithmenos.
  3486 | D:4      | Became a worshipper of Dithmenos the Shadowed
  3554 | D:5      | Entered Level 5 of the Dungeon
  4304 | D:6      | crauler: два бене
  4340 | D:5      | crauler: сука
  4358 | D:5      | crauler: антенны
  4361 | D:5      | Reached skill level 7 in Conjurations
  4571 | D:5      | crauler: мать ебал
  4571 | D:5      | namelastname112: You breathe a wild blast of lightning! The zap hits the orc warrior. The orc warrior appears unharmed. The orb of electricity explodes! The orb of electricity engulfs the orc warrior. You kill the orc warrior!
  4695 | D:6      | Reached XP level 8. HP: 57/57 MP: 7/16
  4765 | D:6      | Found a staircase to the Ecumenical Temple.
  4919 | D:6      | namelastname112: !lg * won s=race
  4919 | D:6      | beem: 40753 games for * (won): 4331x Minotaur, 3022x Demonspawn, 2733x Gargoyle, 2183x Hill Orc, 1777x Deep Dwarf, 1756x Deep Elf, 1685x Merfolk, 1613x Spriggan, 1509x Troll, 1407x Ogre, 1351x Naga, 1312x High Elf, 1305x Vine Stalker, 1137x Centaur, 1122x Mummy, 1120x Kobold, 1089x Human, 1039x Octopode, 997x Halfling, 950x Formicid, 900x Demigod, 865x Vampire, 819x Ghoul, 815x Felid, 799x Tengu, 542x...
  4919 | D:6      | crauler: был бы у меня запас мутагена или просто гарантия на антенны 3 я бы и согласился
  4919 | D:6      | crauler: однако, демонспавны в топе
  4919 | D:6      | namelastname112: драконы на удивление непопулярны
  4919 | D:6      | namelastname112: людей наверное отсутствие брони пугает
  4919 | D:6      | namelastname112: дурачкт
  5057 | D:6      | crauler: ну, как будто за любог кастера они много брони наберут
  5190 | D:6      | Reached * piety under Dithmenos
  5253 | D:6      | namelastname112: помню, в ирке
  5253 | D:6      | namelastname112: мне какой-то чувак доказывал, что драконы СЛОЖНЫЕ
  5253 | D:6      | namelastname112: вот я обсирался
  5344 | D:6      | Reached skill level 8 in Conjurations
  5420 | D:6      | crauler: блядь
  5447 | D:6      | crauler: им на скилл меньше учить
  5498 | D:6      | crauler: я почему любил трансмутеров
  5507 | D:6      | crauler: спелл выучил
  5585 | D:6      | crauler: и учишь ТРИ СКИЛЛА
  5627 | D:6      | crauler: больше не нужно
  5738 | D:6      | namelastname112: вот да
  5738 | D:6      | namelastname112: выучил форму
  5738 | D:6      | namelastname112: и качаешь себе файт, додж да анарм
  5738 | D:6      | namelastname112: может потом еще чармов малеха
  5845 | D:6      | Reached skill level 5 in Charms
  5890 | D:6      | Found an iron altar of Okawaru.
  5891 | D:6      | Found a deep blue altar of Sif Muna.
  5892 | D:6      | Found a stormy altar of Qazlal.
  6008 | D:6      | Reached XP level 9. HP: 62/62 MP: 11/19
  6265 | D:6      | crauler: лол
  6293 | D:6      | crauler: не пробиваеццо
  6422 | D:6      | namelastname112: @??bush
  6434 | D:6      | namelastname112: %??bush
  6434 | D:6      | beem: bush (P)
                  | Spd:
     0 | HD: 20   | HP: 90-128
                  | AC/EV: 15/0
                  | plant, unbreathing
                  | Res: magic(immune), poison, drown, neg+++, torm
                  | Vul: fire
                  | XP:
     0 | Sz: Big  | Int: brainless.
  6434 | D:6      | namelastname112: 15 ac
  6434 | D:6      | namelastname112: ебанись
  6810 | D:7      | Found a shadowy altar of Dithmenos.
  6810 | D:7      | Found a blossoming altar of Fedhas.
  7116 | D:7      | Reached ** piety under Dithmenos
  7612 | D:7      | Found an oddly glowing altar of Pakellas.
  7612 | D:7      | Noticed an eight-headed hydra
  7614 | D:7      | crauler: Edmund zaps a wand. You turn into a sentient fungus.
  7614 | D:7      | crauler: он сам захотел долгой и мучительной смерти
  7618 | D:7      | Killed an eight-headed hydra
  7742 | D:7      | Gained mutation: Your flesh is heat resistant. [potion of mutation]
  7742 | D:7      | Gained mutation: You tend to lose your temper in combat. [potion of mutation]
  7758 | D:8      | Reached skill level 1 in Evocations
  8479 | D:8      | Noticed a komodo dragon
  8484 | D:8      | crauler: чет затупил
  8485 | D:8      | Killed a komodo dragon
  8485 | D:8      | Reached skill level 9 in Conjurations
  8507 | D:8      | crauler: надо было зерк эвокать
  8524 | D:8      | namelastname112: мда
  8524 | D:8      | namelastname112: вот тебе и менкауре
  8658 | D:8      | crauler: ??menkaure
  8659 | D:8      | beem: menkaure[1/2]: A unique, early mummy, also found in Ossuary. Knows pain, torment, and haste. Orc-wizard magenta! Before 0.17 gave normal mummy death curses.
  8800 | D:8      | crauler: ??menkaure[2]
  8811 | D:8      | beem: menkaure[2/2]: Don't leave him for the endgame: !lm ionfrigate hofi uniq=menkaure 1 -tv
  8865 | D:8      | Found a staircase to the Lair.
  8866 | D:8      | crauler: lol
  8925 | D:8      | crauler: ??mummy
  8925 | D:8      | beem: mummy[1/8]: When destroyed, all mummies cast a death curse. For normal mummies (i.e. 'a mummy'), this could curse items. For other mummies (e.g. 'guardian mummy'), it will be a random {necromancy miscast} effect. Regular mummies are vulnerable to fire damage. In 0.17 and up, regular mummies have no death curse.
  8925 | D:8      | namelastname112: ну-ка
  8925 | D:8      | crauler: ??mummy[2]
  8925 | D:8      | namelastname112: надо посмотреть
  8925 | D:8      | beem: mummy[2/8]: Your oklob plant has a weird expression for a moment.
  8925 | D:8      | namelastname112: !lm ionfrigate hofi uniq=menkaure 1 -tv
  8925 | D:8      | crauler: двадцатку вроде бьют мумии
  8925 | D:8      | namelastname112: сука
  8925 | D:8      | namelastname112: бот умер
  8925 | D:8      | crauler: не хухры мухры все таки
  8929 | D:8      | beem: 1. IonFrigate, XL27 HOFi, T:148944 (milestone) requested for FooTV: telnet://termcast.develz.org or http://termcast.develz.org.
  9421 | D:9      | Reached XP level 10. HP: 69/69 MP: 6/22
  9751 | D:9      | Reached *** piety under Dithmenos
  9916 | D:9      | Found a burning altar of Makhleb.
  9966 | D:9      | Found a shimmering altar of Xom.
 10049 | D:9      | crauler: хули так быстро
 10055 | D:9      | crauler: и так аски
 10056 | D:9      | namelastname112: !lm ionfrigate hofi uniq=menkaure 1 -tv
 10056 | D:9      | beem: 1. IonFrigate, XL27 HOFi, T:148944 (milestone) requested for FooTV: telnet://termcast.develz.org or http://termcast.develz.org.
 10056 | D:9      | namelastname112: лол
 10056 | D:9      | namelastname112: наркоман
 10056 | D:9      | namelastname112: убегать от него начал
 10056 | D:9      | crauler: ну типо время не тратить
 10056 | D:9      | namelastname112: https://youtu.be/Nrpbm5ZDh0E
 10445 | D:9      | Found a staircase to the Orcish Mines.
 10642 | D:10     | Entered Level 10 of the Dungeon
 10953 | D:10     | crauler: чет я подумал, в 0.17 чтоли перекатиться
 11014 | D:10     | crauler: надо посмотреть ченджлог
 11185 | D:10     | namelastname112: лол
 11185 | D:10     | crauler: гозаг есть, рю тоже
 11185 | D:10     | namelastname112: чебы без гигантов
 11185 | D:10     | namelastname112: пакелласа нет вроде
 11282 | D:10     | crauler: нинужен
 11318 | D:10     | xeno23: ye ytxj ns
 11353 | D:10     | xeno23: JKLAFU ghav
 11355 | D:10     | crauler: особенно нынешний
 11357 | D:10     | xeno23: бля
 11359 | D:10     | xeno23: ну ты прям как ОЛДФАГ
 11359 | D:10     | namelastname112: да тебе и собака не нужна
 11402 | D:10     | xeno23: аж в 0.17
 11413 | D:10     | crauler: >прям как КАЗУАЛ
 11607 | D:10     | Gained mutation: You are frail (-10% HP). [mutagenic meat]
 11608 | D:10     | Gained mutation: You have an increased reservoir of magic (+10% MP). [mutagenic meat]
 11636 | D:10     | crauler: a cat is better
 11636 | D:10     | xeno23: играй в 0.11
 11636 | D:10     | namelastname112: >frail
 11636 | D:10     | namelastname112: >more energetic
 11636 | D:10     | xeno23: там настоящая душа
 11636 | D:10     | namelastname112: в дип эльфа мутирую
 11760 | D:10     | Reached skill level 5 in Evocations
 11810 | D:10     | Reached skill level 10 in Conjurations
 11812 | D:10     | Reached **** piety under Dithmenos
 12387 | D:10     | crauler: ммммм
 12468 | D:11     | crauler: новый эльфятник, укороченная орчатня
 12475 | D:11     | crauler: это ведь неплохо
 12665 | D:11     | Noticed a centaur warrior
 12696 | D:11     | Killed a centaur warrior
 12866 | D:11     | crauler: блядь, хоть сейчас начинай кравлокод читать
 13029 | D:11     | Noticed a centaur warrior
 13041 | D:11     | HP: 3/62 [centaur warrior/arrow (9)]
 13042 | D:11     | Shot with an arrow by a centaur warrior

Vault maps used:
D:1:      dpeg_arrival_pits
D:2:      nicolae_overflow_crystal_walls, st_stairs_11
D:3:      first_bread, uniq_sigmund, uniq_natasha, uniq_jessica
D:4:      eino_small_chamber_without_monster, grunt_dithmenos_smoke
D:6:      minitemple, temple_hall, serial_curves, eino_curves_01,
          eino_curves_03, kb_lookout_dungeons_type
D:7:      gammafunk_temple_overflow_statue, the_bakery,
          gammafunk_pakellas_cloud_experiment
D:8:      erik_lair_dragon
D:9:      grunt_temple_overflow_champion_of_chaos, erik_orc_1
D:11:     minivault_25_ag

Skill      XL: |  1  2  3  4  5  6  7  8  9 10 |
---------------+-------------------------------+-----
Spellcasting   | 4 5 7 8 9 |  9.0
Conjurations   | 5 6 7 8 9 10 | 10.3
Charms         | 1 3 5 6 7 |  7.7
Evocations     | 3 5 |  5.7
Dodging        | |  1.7
Stealth        | |  1.7

Action                   |  1- 3 |  4- 6 |  7- 9 | 10-12 || total
-------------------------+-------+-------+-------+-------++-------
Melee: Dagger            |    28 |     1 |   179 |       ||   208
       Tailslap          |     1 |       |    45 |     1 ||    47
       Staff             |       |       |     2 |     6 ||     8
 Cast: Magic Dart        |    66 |    47 |   211 |    70 ||   394
       Searing Ray       |     2 |     3 |    44 |    45 ||    94
       Iskenderun's Batt |       |       |    25 |    16 ||    41
 Abil: Breathe Lightning |       |       |     4 |     3 ||     7
  Use: Scroll            |       |       |    17 |     8 ||    25
       Potion            |       |       |     1 |     2 ||     3
 Stab: Sleeping          |     1 |     1 |     1 |       ||     3
  Eat: Chunk             |     2 |     4 |    21 |    14 ||    41
       Fruit             |       |       |     3 |       ||     3
       Royal jelly       |       |       |       |     1 ||     1
Armor: Skin              |    15 |     1 |    54 |    38 ||   108
Dodge: Dodged            |    26 |     8 |   111 |   106 ||   251
